 Dungeon Crawl Stone Soup version 0.17.0-28-g6e173f8 (webtiles) character file.

4474 gorblad the Blocker (level 10, -4/77 HPs)
             Began as a Human Fighter on Dec 2, 2015.
             Was an Elder of Okawaru.
             Killed from afar by a gargoyle (10 damage)
             ... with a stone arrow
             ... on level 9 of the Dungeon.
             The game lasted 00:28:51 (9405 turns).

gorblad the Blocker (Human Fighter)                 Turns: 9405, Time: 00:28:51

Health: -4/77      AC: 18    Str: 20    XL:     10   Next: 64%
Magic:  8/10       EV:  8    Int:  8    God:    Okawaru [****..]
Gold:   499        SH: 14    Dex: 13    Spells: 0 memorised, 9 levels left

rFire  . . .     SeeInvis .     a - +1 long sword
rCold  . . .     Clarity  .     o - +0 plate armour
rNeg   . . .     SustAt   .     c - +0 shield
rPois  .         Gourm    .     (no helmet)
rElec  .         Spirit   .     h - +0 cloak
rCorr  .         Warding  .     (no gloves)
rMut   .         Stasis   .     f - +0 pair of boots
MR     .....                    v - amulet of regeneration
Stlth  ..........               n - ring of stealth
                                t - ring of flight

@: heroism, not resistant to hostile enchantments, extremely unstealthy
A: no striking features
a: Heroism, Renounce Religion, Evoke Flight


You were on level 9 of the Dungeon.
You worshipped Okawaru.
Okawaru was greatly pleased with you.
You were not hungry.

You visited 1 branch of the dungeon, and saw 9 of its levels.

You collected 499 gold pieces.

Inventory:

Hand Weapons
 a - a +1 long sword (weapon)
Armour
 c - a +0 shield (worn)
 f - a +0 pair of boots (worn)
 h - a +0 cloak (worn)
 o - a +0 plate armour (worn)
Magical Staves
 C - an uncursed staff of earth {unknown}
Jewellery
 k - an uncursed amulet of warding
 l - an uncursed amulet of resist mutation
 n - a ring of stealth (right hand)
 p - an uncursed ring of protection from fire
 r - an uncursed ring of fire
 s - an uncursed ring of fire
 t - a ring of flight (left hand)
 v - an amulet of regeneration (around neck)
Wands
 g - a wand of draining (7)
 x - a wand of confusion (48)
 D - a wand of confusion (32)
Scrolls
 j - 5 scrolls of magic mapping
 q - 4 scrolls of remove curse
Potions
 i - 2 potions of agility
 m - 5 potions of brilliance
 w - a potion of cure mutation
 A - 2 potions of flight
Books
 b - a book of Necromancy

   Spells                             Type                      Level
   a - Pain                           Necromancy                   1
   b - Animate Skeleton               Necromancy                   1
   c - Vampiric Draining              Necromancy                   3
   d - Regeneration                   Charms/Necromancy            3
   e - Animate Dead                   Necromancy                   4
   f - Control Undead                 Necromancy                   4
 y - a book of Transfigurations

   Spells                             Type                      Level
   a - Stoneskin                      Transmutation/Earth          2
   b - Irradiate                      Conjuration/Transmutation    5
   c - Statue Form                    Transmutation/Earth          6
   d - Hydra Form                     Transmutation                6
   e - Dragon Form                    Transmutation                7
Comestibles
 d - 3 fruits
 e - 5 bread rations
 u - 2 meat rations
 z - 6 beef jerkies
 B - 2 chunks of flesh


   Skills:
 - Level 6.4(11.4) Fighting
 + Level 8.7(13.7) Long Blades
 - Level 6.0(11.0) Armour
 - Level 10.0(15.0) Shields


You had 9 spell levels left.
You didn't know any spells.

Dungeon Overview and Level Annotations

Branches:
Dungeon (9/15)             Temple (0/1) D:5            Lair (0/8) D:8
    Orc: D:9-12

Altars:
Ashenzari
Cheibriados
Fedhas
Gozag
Makhleb
Okawaru
Qazlal
Ru
Trog
Vehumet
Yredelemnul
Zin

Shops:
D:6 [   D:8 :


Message History

The hound skeleton bites you but does no damage.
Drink which item? (? for menu, Esc to quit)
You feel better. You block the hound skeleton's attack.
The gargoyle hits you with a flail!
* * * LOW HITPOINT WARNING * * *
You gain the combat prowess of a mighty hero.
You feel slightly more hungry.
The hound skeleton bites you but does no damage.
You are too injured to fight recklessly!
You are too injured to fight recklessly!
You are too injured to fight recklessly!
You are too injured to fight recklessly!
You are too injured to fight recklessly!
You are too injured to fight recklessly!
You hit the gargoyle but do no damage.
The gargoyle is almost destroyed.
The hound skeleton barely misses you.
The gargoyle hurls a stone arrow at you.
The stone arrow hits you!
You die...

###### ######+#....#
#...........#
#...........+
#####...........#
#..............)#####
#............9.......
#...........@Z.......
##....................
#.......%.............
#...........>.........
..#
#.....#####...........
..# #.....#
#....######+ #.#
#.....# #....# #.#
#.....# #....# #.#
#.....#####....# #.#


You could see a gargoyle and a hound skeleton.

Vanquished Creatures
  The ghost of gorblad the Fighter, a novice HuFi (D:5)
  A komodo dragon (D:8)
  A deep elf fighter (D:8)
  A hungry ghost (D:7)
  A hippogriff (D:7)
  A phantom (D:5)
  2 necrophages
  2 sky beasts
  4 centaurs
  5 ogres
  A big kobold (D:7)
  3 giant frogs
  7 scorpions
  8 wights
  A crimson imp (D:8)
  2 centaur zombies
  2 hounds (D:6)
  2 giant frog skeletons
  2 jellies
  2 iguanas (D:4)
  2 orc priests
  7 orc wizards
  9 worker ants
  A hound zombie (D:8)
  3 hound skeletons
  A worker ant zombie (D:6)
  A mummy (D:7)
  15 adders
  7 gnolls
  A shadow imp (D:7)
  An adder skeleton (D:4)
  3 oozes
  A worm (D:3)
  3 giant geckos
  22 orcs
  4 giant cockroaches
  4 goblins
  3 hobgoblins
  14 jackals
  15 kobolds
  3 quokkas
  6 bats
  6 giant newts
  A quokka skeleton (D:7)
  A quokka zombie (D:7)
  11 rats
194 creatures vanquished.

Vanquished Creatures (others)
  A giant frog zombie (D:7)
  4 plants (D:8)
5 creatures vanquished.

Grand Total: 199 creatures vanquished

Notes
Turn   | Place    | Note
--------------------------------------------------------------
     0 | D:1      | gorblad the Human Fighter began the quest for the Orb.
     0 | D:1      | Reached XP level 1. HP: 18/18 MP: 1/1
   105 | D:1      | Reached XP level 2. HP: 18/24 MP: 2/2
   676 | D:1      | Reached skill level 4 in Fighting
   676 | D:1      | Reached XP level 3. HP: 28/30 MP: 3/3
  1573 | D:2      | Reached XP level 4. HP: 29/38 MP: 4/4
  1726 | D:2      | Reached skill level 5 in Fighting
  1883 | D:3      | Found a blossoming altar of Fedhas.
  1883 | D:3      | Found a stormy altar of Qazlal.
  1942 | D:3      | Found a shattered altar of Ashenzari.
  2001 | D:3      | Reached XP level 5. HP: 42/46 MP: 5/5
  2249 | D:3      | Reached skill level 6 in Fighting
  2257 | D:3      | Reached XP level 6. HP: 31/52 MP: 6/6
  2406 | D:3      | Found a sacrificial altar of Ru.
  2537 | D:3      | Found an iron altar of Okawaru.
  2611 | D:3      | Became a worshipper of Warmaster Okawaru
  3036 | D:4      | Noticed a sky beast
  3060 | D:4      | Killed a sky beast
  3060 | D:4      | Reached skill level 5 in Armour
  3060 | D:4      | Reached XP level 7. HP: 59/59 MP: 7/7
  3765 | D:4      | Found a sacrificial altar of Ru.
  4092 | D:5      | Entered Level 5 of the Dungeon
  4259 | D:5      | Reached * piety under Okawaru
  4293 | D:5      | Reached XP level 8. HP: 65/65 MP: 8/8
  4420 | D:5      | Reached skill level 5 in Shields
  4748 | D:5      | Found a radiant altar of Vehumet.
  4762 | D:5      | Noticed gorblad's ghost (novice HuFi)
  4811 | D:5      | Killed gorblad's ghost
  4811 | D:5      | Reached ** piety under Okawaru
  4811 | D:5      | Reached skill level 7 in Shields
  4811 | D:5      | Reached XP level 9. HP: 14/71 MP: 7/9
  4816 | D:5      | Reached skill level 8 in Shields
  5166 | D:5      | Found a staircase to the Ecumenical Temple.
  5630 | D:6      | Reached skill level 9 in Shields
  5692 | D:6      | Found a basalt altar of Yredelemnul.
  5853 | D:6      | Found Voroph's Antique Armour Shoppe.
  6019 | D:6      | Found a bloodstained altar of Trog.
  6453 | D:6      | Reached skill level 10 in Shields
  6474 | D:6      | Reached *** piety under Okawaru
  7134 | D:7      | Reached XP level 10. HP: 77/77 MP: 10/10
  7276 | D:7      | Reached skill level 5 in Long Blades
  7308 | D:7      | Found a snail-covered altar of Cheibriados.
  7500 | D:7      | Found a burning altar of Makhleb.
  7676 | D:7      | Reached **** piety under Okawaru
  8108 | D:8      | Found Unonti's Book Shoppe.
  8206 | D:8      | Found a glowing silver altar of Zin.
  8791 | D:8      | Found a staircase to the Lair.
  8836 | D:8      | Found an opulent altar of Gozag.
  9376 | D:9      | Noticed a gargoyle
  9405 | D:9      | Killed from afar by a gargoyle

Action                   |  1- 3 |  4- 6 |  7- 9 | 10-12 || total
-------------------------+-------+-------+-------+-------++-------
Melee: Long sword        |   154 |   244 |   477 |   307 ||  1182
       Scimitar          |       |       |    28 |       ||    28
Invok: Heroism           |       |       |     2 |     2 ||     4
  Use: Scroll            |       |     6 |     9 |     1 ||    16
       Potion            |       |       |     9 |     2 ||    11
 Stab: Invisible         |       |       |     2 |       ||     2
  Eat: Chunk             |     2 |     6 |    10 |     6 ||    24
       Bread ration      |       |       |     1 |     1 ||     2
       Meat ration       |       |       |       |     1 ||     1
